 Dungeon Crawl Stone Soup version 0.27.1-34-g3ba077fa99 (webtiles) character file.

Game seed: 5282942658590882119

1 unlimited1921 the Ducker (level 1, 0/22 HPs)
             Began as a Troll Fighter on Feb 1, 2022.
             Slain by a kobold (4 damage)
             ... on level 1 of the Dungeon.
             The game lasted 00:00:30 (276 turns).

unlimited1921 the Ducker (Troll Fighter)             Turns: 276, Time: 00:00:34

Health: 0/22       AC:  4    Str: 23    XL:     1   Next: 16%
Magic:  0/0        EV:  7    Int:  4    God:
Gold:   47         SH:  8    Dex:  9    Spells: 0/0 levels left

rFire    . . .     SeeInvis .   a - +0 flail
rCold    . . .     Faith    .   c - +0 kite shield
rNeg     . . .     Spirit   .   b - +0 robe
rPois    .         Reflect  .   (helmet restricted)
rElec    .         Harm     .   (no cloak)
rCorr    .         Rampage  .   (gloves unavailable)
Will     .....                  (boots unavailable)
Stlth    +.........             (no amulet)
HPRegen  1.07/turn              (no ring)
MPRegen  0.07/turn              (no ring)

@: no status effects
A: large, unfitting armour, claws 3, regeneration 1, shaggy fur 1, tough skin 1
a: no special abilities


You were on level 1 of the Dungeon.
You visited 1 branch of the dungeon, and saw 1 of its levels.

You collected 47 gold pieces.

Inventory:

Hand Weapons
 a - a +0 flail (weapon)
Armour
 b - a +0 robe (worn)
 c - a +0 kite shield (worn)
Scrolls
 e - a scroll of holy word {unknown}
 f - a scroll of identify {unknown}
 g - a scroll of teleportation {unknown}
Potions
 d - a potion of might
 h - a potion of curing {unknown}


   Skills:
 + Level 2.4 Fighting
 + Level 1.7 Maces & Flails
 + Level 2.5 Dodging
 + Level 2.4 Shields


You couldn't memorise any spells.
You didn't know any spells.
Your spell library contained the following spells:

 Spells                   Type           Power      Damage    Failure   Level
 Animate Skeleton         Necr           0%         N/A       93%         1
 Apportation              Tloc           0%         N/A       93%         1
 Corona                   Hex            0%         N/A       93%         1
 Summon Small Mammal      Summ           0%         N/A       93%         1
 Sublimation of Blood     Necr           0%         N/A       98%         2
 Wereblood                Tmut           0%         N/A       98%         2
 Summon Hydra             Summ           0%         N/A       100%        7


Dungeon Overview and Level Annotations

Branches:
Dungeon (1/15)

Altars:


Innate Abilities, Weirdness & Mutations

You are too large for most types of armour.
You have claws for hands.
Your natural rate of healing is unusually fast.
You are covered in fur. (AC +1)
You have tough skin. (AC +1)


Message History

Found 7 gold pieces.
You now have 31 gold pieces (gained 7).
A frilled lizard comes into view.
A frilled lizard is nearby!
The frilled lizard hisses angrily.
You barely miss the frilled lizard. You block the frilled lizard's attack.
The frilled lizard bites you but does no damage.
You closely miss the frilled lizard. You block the frilled lizard's attack.
You barely miss the frilled lizard. You block the frilled lizard's attack.
The frilled lizard bites you but does no damage.
You hit the frilled lizard.
You kill the frilled lizard!
No target in view!
Found a stone staircase leading down.
Found a book of Cantrips.
You pick up a book of Cantrips and begin reading...
You add the spells Corona, Animate Skeleton, Summon Small Mammal and Apportation to your library.
Found a scroll labelled LAORYPL WEIDIQANWI.
Found 9 gold pieces.
f - a scroll labelled LAORYPL WEIDIQANWI You now have 40 gold pieces (gained 9).
Found a scroll labelled UMU GENUUSET.
g - a scroll labelled UMU GENUUSET
Found 7 gold pieces.
No target in view!
Found a coppery potion.
You now have 47 gold pieces (gained 7).
Found a pair of gloves.
h - a coppery potion A kobold comes into view.
It is wielding a +2 dagger of electrocution.
Found a scroll labelled YTAL YREENAI.
Found a stone staircase leading down.
The kobold hits you with a +2 dagger of electrocution.
You closely miss the kobold.
The kobold hits you with a +2 dagger of electrocution.
You are electrocuted!
Ouch! That really hurt!
* * * LOW HITPOINT WARNING * * *
The kobold hits you with a +2 dagger of electrocution.
You die...

#############
#............ ##
###.....K...... ..
######......@.......
####.
#...................
.....#
#...................
......
##..........#........
......
#...........+>......#
......
#....#......####.?..#
...... #....#........
..... ##+#..
####.#.........
...... #.#..
#....#........[ ....
#.#..


You could see a kobold.

Vanquished Creatures
  2 frilled lizards (D:1)
2 creatures vanquished.

Notes
Turn   | Place    | Note
-------+----------+-------------------------------------------
     0 | D:1      | unlimited1921 the Troll Fighter began the quest for the
                  | Orb.
     0 | D:1      | Reached XP level 1. HP: 22/22 MP: 0/0
   276 | D:1      | Slain by a kobold

Illustrated notes

Levels and vault maps discovered:
D:1:      lightli_iron_boxes, layout_basic, minivault_11

Action                   || total
-------------------------++-------
Melee: Flail             ||     8
Armor: Robe              ||     3
Block: Kite shield       ||     5
